 Dungeon Crawl Stone Soup version 0.30-a0-808-g6e0788376e (webtiles) character file.

Game seed: 7283965995320298802

1199 Pooter the Cleaver (level 8, -3/71 HPs)
             Began as a Minotaur Berserker on Feb 26, 2023.
             Was a Believer of Trog.
             Slain by a sky beast (4 damage)
             ... on level 6 of the Dungeon.
             The game lasted 00:14:34 (4021 turns).

Pooter the Cleaver (Minotaur Berserker)             Turns: 4021, Time: 00:14:35

Health: -3/71      AC:  6    Str: 25    XL:     8   Next: 20%
Magic:  0/7        EV: 11    Int:  4    God:    Trog [**....]
Gold:   237        SH:  0    Dex:  9    Spells: 7/7 levels left

rFire   . . .      SeeInvis .    a - +0 war axe
rCold   . . .      Faith    .    (no shield)
rNeg    . . .      Spirit   +    f - +0 ring mail
rPois   .          Reflect  .    (helmet restricted)
rElec   .          Harm     .    (no cloak)
rCorr   .          Rampage  .    (no gloves)
Will    .....                    r - +0 pair of boots Stlth
                                 G - amulet of guardian spirit
HPRegen 0.31/turn                (no ring)
MPRegen 0.10/turn                (no ring)

@: on berserk cooldown, slowed, very slow
A: horns 2, retaliatory headbutt
a: Renounce Religion, Berserk, Trog's Hand


You were on level 6 of the Dungeon.
You worshipped Trog.
Trog was pleased with you.
You visited 1 branch of the dungeon, and saw 6 of its levels.

You collected 237 gold pieces.

Inventory:

Hand Weapons
 a - a +0 war axe (weapon)
   (You took it off an orc on level 4 of the Dungeon)
 b - a +0 shortbow
   (You took it off a centaur on level 5 of the Dungeon)
 o - a +0 scythe
   (You took it off Sigmund on level 2 of the Dungeon)
 u - a +0 halberd
   (You took it off a gnoll on level 4 of the Dungeon)
 y - a +0 sling
   (You found it on level 2 of the Dungeon)
Missiles
 q - 2 boomerangs
 Q - 68 stones (quivered)
Armour
 f - a +0 ring mail (worn)
   (You found it on level 1 of the Dungeon)
 r - a +0 pair of boots (worn)
   (You found it on level 3 of the Dungeon)
Jewellery
 G - an amulet of guardian spirit (around neck)
   (You found it on level 1 of the Dungeon)
Scrolls
 d - a scroll of immolation {unknown}
 g - a scroll of torment {!r}
 k - a scroll of fog
 n - 2 scrolls of amnesia {unknown}
 p - a scroll of noise {unknown}
 s - a scroll of summoning {unknown}
 t - 2 scrolls of teleportation {@r4}
 v - a scroll of magic mapping {unknown}
 w - a scroll of enchant armour {unknown}
 x - a scroll of fear
 A - a scroll of blinking {unknown}
Potions
 c - a potion of might {unknown}
 e - 3 potions of curing {@q1}
 h - a potion of brilliance {unknown}
 j - a potion of lignification {unknown}
 l - 2 potions of flight {unknown}
 m - 3 potions of berserk rage {unknown}
 z - a potion of heal wounds {unknown}


   Skills:
 + Level 6.5 Fighting
 * Level 8.5 Axes
 * Level 6.2 Ranged Weapons
 - Level 2.4 Armour
 - Level 2.1 Dodging


You had 7 spell levels left.
You didn't know any spells.
Your spell library was empty.

Dungeon Overview and Level Annotations

Branches:
Dungeon (6/15)
 Temple: D:4-7

Altars:
Dithmenos
Kikubaaqudgha
Makhleb
Qazlal

Annotations:
D:5 3 runed translucent doors, 0gre's ghost, novice GnIE


Innate Abilities, Weirdness & Mutations

You have a pair of horns on your head.
You reflexively headbutt those who attack you in melee.


Message History

The sky beast shocks you.
* * * LOW HITPOINT WARNING * * *
Something hits you but does no damage.
You hit the sky beast. You hit something.
Something hits you but does no damage.
The sky beast hits you but does no damage.
You miss the sky beast. You closely miss something.
The sky beast barely misses you. You furiously retaliate!
You headbutt the sky beast. Something hits you but does no damage.
The sky beast hits you.
* * * LOW HITPOINT WARNING * * *
The sky beast shocks you.
* * * LOW MAGIC WARNING * * *
* * * LOW HITPOINT WARNING * * *
A sky beast appears from thin air!
Reactivating autopickup.
The sky beast closely misses you.
Unknown command.
You hit the sky beast. Your headbutt misses the sky beast.
You slash the sky beast!
The sky beast hits you but does no damage.
The sky beast flickers out of sight!
Deactivating autopickup; reactivate with Ctrl-A.
Something hits you.
* * * LOW HITPOINT WARNING * * *
Something shocks you.
* * * LOW HITPOINT WARNING * * *
Something hits you but does no damage. The sky beast closely misses you.
You furiously retaliate!
You headbutt the sky beast.
Unknown command.
You barely miss the sky beast. You miss something.
The sky beast barely misses you. You furiously retaliate!
You headbutt the sky beast!
You kill the sky beast!
Trog accepts your kill. Something hits you.
* * * LOW HITPOINT WARNING * * *
Something shocks you.
* * * LOW MAGIC WARNING * * *
* * * LOW HITPOINT WARNING * * *
It was a potion of curing.
You feel better. Something hits you.
* * * LOW MAGIC WARNING * * *
* * * LOW HITPOINT WARNING * * *
Something shocks you.
* * * LOW HITPOINT WARNING * * *
Something hits you.
You die...

## .. #.. .#
#.#+#.#
#...#.###
#.......
##...#.#
#....<.#
###....#.#
#.@{.....#
#.?†##.##..#
#.............
#..#######+####
#.. #.. #. #.


There were no monsters in sight!

Vanquished Creatures
  Sigmund (D:2)
  A black bear (D:4)
  A sky beast (D:6)
  An ogre (D:4)
  2 phantoms (D:4)
  A centaur (D:5)
  A necrophage (D:5)
  2 scorpions
  A howler monkey (D:5)
  A jelly (D:3)
  2 hounds (D:5)
  An iguana (D:5)
  2 orc wizards (D:4)
  3 gnolls (D:4)
  5 adders
  A white imp (D:5)
  An ufetubus (D:5)
  A worm (D:2)
  A dart slug (D:2)
  7 orcs
  5 endoplasms
  4 giant cockroaches
  4 goblins
  7 hobgoblins
  7 jackals
  4 kobolds
  5 quokkas
  8 ball pythons
  5 bats
  2 frilled lizards
  A rat (D:1)
88 creatures vanquished.

Notes
Turn   | Place    | Note
-------+----------+-------------------------------------------
     0 | D:1      | Pooter the Minotaur Berserker began the quest for the Orb.
     0 | D:1      | Reached XP level 1. HP: 19/19 MP: 0/0
   106 | D:1      | Reached skill level 4 in Axes
   227 | D:1      | Reached XP level 2. HP: 27/27 MP: 1/1
   613 | D:1      | Reached ** piety under Trog
  1045 | D:2      | Reached XP level 3. HP: 33/33 MP: 2/2
  1249 | D:2      | Noticed Sigmund
  1254 | D:2      | Killed Sigmund
  1255 | D:2      | Reached skill level 5 in Axes
  1255 | D:2      | Reached XP level 4. HP: 41/41 MP: 3/3
  1255 | D:2      | Reached XP level 5. HP: 47/47 MP: 4/4
  1679 | D:2      | Reached skill level 6 in Axes
  1924 | D:3      | Found a shadowy altar of Dithmenos.
  1930 | D:3      | Reached skill level 5 in Fighting
  2029 | D:3      | Found a burning altar of Makhleb.
  2278 | D:3      | Reached XP level 6. HP: 45/56 MP: 2/5
  2823 | D:4      | Found a stormy altar of Qazlal.
  2878 | D:4      | Reached skill level 7 in Axes
  2878 | D:4      | Reached XP level 7. HP: 61/61 MP: 3/6
  3213 | D:5      | Entered Level 5 of the Dungeon
  3215 | D:5      | Found an ancient bone altar of Kikubaaqudgha.
  3510 | D:4      | Reached skill level 5 in Ranged Weapons
  3602 | D:5      | Reached skill level 8 in Axes
  3663 | D:5      | Reached XP level 8. HP: 60/71 MP: 5/7
  3752 | D:5      | Found a runed translucent gate.
  3752 | D:5      | Found a runed translucent gate.
  3752 | D:5      | Found a runed translucent gate.
  3753 | D:5      | Noticed 0gre's ghost (novice GnIE)
  4020 | D:6      | HP: 2/71 [something (5)]
  4021 | D:6      | Slain by a sky beast

Illustrated notes

Levels and vault maps discovered:
D:1:      sevenhm_arrival_forest_fort_small_3, layout_loops_corners, st_stairs_7
D:2:      layout_basic, uniq_sigmund
D:3:      layout_basic, mainiacjoe_overflow_concentric_impassable,
          nicolae_dithmenos_the_darkroom, chequers_serial_rivers_small_b
D:4:      layout_cave_pools, grunt_qazlal_clouds, kennysheep_small_square
D:5:      layout_loops_ring, mainiacjoe_overflow_cross_hatched,
          gammafunk_ghost_split, st_stairs_6, abandoned_shop,
          amcnicky_mini_corridor_feature
D:6:      layout_basic, lemuel_crystal_altar, minmay_temple_entry_arrows,
          minmay_door_square, lemuel_flamethrower_2

Skill      XL: |  1  2  3  4  5  6  7  8 |
---------------+-------------------------+-----
Axes           | 4 5 6 7 8 |  8.5
Fighting       | 4 5 6 |  6.5
Ranged Weapons | 2 3 4 5 6 |  6.2
Armour         | |  2.4
Dodging        | |  2.1

Action                     |  1- 3 |  4- 6 |  7- 9 || total
---------------------------+-------+-------+-------++-------
  Melee: Hand axe          |    49 |     4 |       ||    53
         Headbutt          |     7 |    11 |     2 ||    20
         Halberd           |       |    57 |     1 ||    58
         War axe           |       |    17 |    55 ||    72
   Fire: Sling             |     7 |    14 |    17 ||    38
         Shortbow          |       |       |     3 ||     3
  Throw: Stone             |       |     1 |       ||     1
         Boomerang         |       |     2 |     4 ||     6
 Invoke: Berserk           |     1 |     3 |     2 ||     6
         Trog's Hand       |       |     1 |       ||     1
    Use: Scroll            |       |     3 |     1 ||     4
         Potion            |       |       |     1 ||     1
 Armour: Ring mail         |    20 |    27 |    25 ||    72
  Dodge: Dodged            |    33 |    48 |    50 ||   131

Table legend: (Time is in decaauts)
 A = Elapsed time spent in this place.
 B = Non-inter-level travel time spent in this place.
 C = Inter-level travel time spent in this place.
 D = Time resting spent in this place.
 E = Time spent auto-exploring this place.
 F = Levels seen in this place.
 G = Mean time per level.
                   A        B        C        D        E       F      G
               +--------+--------+--------+--------+--------+-----+--------+
         Total |   4108 |   3925 |    183 |    376 |   2890 |   6 |  684.7 |
       Dungeon |   4108 |   3925 |    183 |    376 |   2890 |   6 |  684.7 |
               +--------+--------+--------+--------+--------+-----+--------+

Top non-repeatable levels by time:
     D:1: 996 daAuts
     D:2: 858 daAuts
     D:4: 825 daAuts
     D:5: 736 daAuts
     D:3: 670 daAuts
     D:6: 21 daAuts
